 Dungeon Crawl Stone Soup version 0.17.0-25-gefc9c12 (console) character file.

2377 gw the Chopper (level 9, -11/82 HPs)
             Began as a Deep Dwarf Air Elementalist on Nov 19, 2015.
             Was an Initiate of Qazlal.
             Mangled by gw's ghost (15 damage)
             ... on level 6 of the Dungeon.
             The game lasted 00:08:35 (7855 turns).

gw the Chopper (Deep Dwarf Air Elementalist)        Turns: 7855, Time: 00:08:35

Health: -11/82     AC:  3    Str: 11    XL:     9   Next: 21%
Magic:  0/4        EV: 12    Int: 20    God:    Qazlal [......]
Gold:   333        SH:  0    Dex: 13    Spells: 5 memorised, 7 levels left

rFire  . . .     SeeInvis .     a - +0 hand axe (flame)
rCold  . . .     Clarity  +     e - +0 leather armour
rNeg   . . .     SustAt   .     (no shield)
rPois  .         Gourm    .     (no helmet)
rElec  .         Spirit   .     (no cloak)
rCorr  .         Warding  .     (no gloves)
rMut   .         Stasis   .     (no boots)
MR     +....                    i - amulet of clarity
Stlth  ++........               (no ring)
                                (no ring)

@: non-regenerating, somewhat resistant to hostile enchantments, unstealthy
A: damage resistance, recharge devices, sense surroundings 2, slow regeneration
3
a: Device Recharging, Renounce Religion


You were on level 6 of the Dungeon.
You worshipped Qazlal.
Qazlal was noncommittal.
You were not hungry.

You visited 1 branch of the dungeon, and saw 6 of its levels.

You collected 333 gold pieces.

Inventory:

Hand Weapons
 a - a +0 hand axe of flaming (weapon)
Missiles
 f - 2 silver bolts
Armour
 e - a +0 leather armour (worn)
Jewellery
 i - an amulet of clarity (around neck)
Wands
 c - a wand of heal wounds (0)
 n - a wand of teleportation (4)
Scrolls
 h - 3 scrolls of remove curse
 j - 8 scrolls of identify
 l - 4 scrolls of teleportation
 t - a scroll of enchant armour {unknown}
Potions
 m - 2 potions of curing
 q - a potion of poison {unknown}
Books
 b - a book of Air

   Spells                             Type                      Level
   a - Shock                          Conjuration/Air              1
   b - Swiftness                      Charms/Air                   2
   c - Repel Missiles                 Charms/Air                   2
   d - Static Discharge               Conjuration/Air              3
   e - Lightning Bolt                 Conjuration/Air              5
 r - a book of Party Tricks

   Spells                             Type                      Level
   a - Summon Butterflies             Summoning                    1
   b - Apportation                    Translocation                1
   c - Tukima's Dance                 Hexes                        3
   d - Alistair's Intoxication        Transmutation/Poison         4
   e - Invisibility                   Hexes                        6
Comestibles
 d - 8 bread rations
 g - 2 meat rations
 k - a beef jerky
 o - a fruit
 p - a royal jelly


   Skills:
 + Level 6.1 Fighting
 + Level 7.3 Axes
 + Level 7.2 Armour
 - Level 2.1 Dodging
 - Level 2.4 Stealth
 + Level 6.0 Spellcasting
 - Level 0.8 Conjurations
 * Level 5.8 Air Magic
 * Level 2.6 Invocations
 - Level 0.3 Evocations


You had 7 spell levels left.
You knew the following spells:

 Your Spells              Type           Power        Failure   Level  Hunger
a - Shock                 Conj/Air       ###.         4%          1    None
b - Swiftness             Chrm/Air       ###.....     10%         2    None
c - Repel Missiles        Chrm/Air       ###...       10%         2    None
d - Static Discharge      Conj/Air       ###.....     12%         3    ##.....
e - Lightning Bolt        Conj/Air       ###.......   90%         5    #####..


Dungeon Overview and Level Annotations

Branches:
Dungeon (6/15)
 Temple: D:4-7

Altars:
Ashenzari
Qazlal
Xom

Shops:
D:5 :

Annotations:
D:6 Dowan; gw's ghost, novice DDNe


Innate Abilities, Weirdness & Mutations

You are resistant to damage.
You can recharge devices by infusing magical energy.
You passively map the area around you.
You do not regenerate naturally.


Message History

You hit gw's ghost. You burn gw's ghost.
Gw's ghost is heavily damaged.
Gw's ghost hits you!
ATTACK MOVE TO (0,1)
You hit gw's ghost. You burn gw's ghost.
Gw's ghost is heavily damaged.
Gw's ghost hits you!
ATTACK MOVE TO (0,1)
You hit gw's ghost. You burn gw's ghost.
Gw's ghost is severely damaged.
Gw's ghost hits you!!
ATTACK MOVE TO (0,1)
You hit gw's ghost. You burn gw's ghost.
Gw's ghost is severely damaged.
Gw's ghost closely misses you.
ATTACK MOVE TO (0,1)
You closely miss gw's ghost.
Gw's ghost is severely damaged.
Gw's ghost hits you!
You die...

#.#
##...###.####....777..#
#.#
#.#...........#.......#
#.#
##.#.###.>..........###
#.# ##.##
##.###.##.##.###### #.#
### #.# #.##..........
#.# #.# #.#####.######
#.# #.# #.# #.# #(# #.#
#.# #.# #.# #g# #.# #.#
#.# #W# #.# #.# #.# #.#
#.# #.# #.####### #...#
#. #.......# *
###....** , #######.# ,
,..#(.., * , #.#
***,W.... #.# ,, ,
,.... * * #.# ** #... ,
,


You could see gw's ghost.

Table legend:
 A = Turns spent in this place as a percentage of turns spent in the entire game.
 B = Non-inter-level travel turns spent in this place as a percentage of non-inter-level travel turns spent in the entire game.
 C = Inter-level travel turns spent in this place as a percentage of turns spent in this place.
 D = Turns resting spent in this place as a percentage of non-inter-level travel turns spent in this place.
 E = Turns spent auto-exploring this place as a percentage of non-inter-level travel turns spent in this place.
 F = Non-inter-level travel turns spent in this place divided by the number of levels of this place that you've seen.
                   A       B       C       D       E      F
               +-------+-------+-------+-------+-------+----------------------
         Total | 100.0 | 100.0 |   0.3 |   1.7 |   1.7 | 2042.8
       Dungeon | 100.0 | 100.0 |   0.3 |   1.7 |   1.7 | 2042.8
               +-------+-------+-------+-------+-------+----------------------

Table legend:
 A = Kills in this place as a percentage of kills in entire the game.
 B = Kills by you in this place as a percentage of kills by you in the entire game.
 C = Kills by friends in this place as a percentage of kills by friends in the entire game.
 D = Other kills in this place as a percentage of other kills in the entire game.
 E = Experience gained in this place as a percentage of experience gained in the entire game.
 F = Experience gained in this place divided by the number of levels of this place that you have seen.
                   A       B       C       D       E      F
               +-------+-------+-------+-------+-------+----------------------
         Total | 100.0 | 100.0 |  -nan |  -nan | 100.0 | 393.0
       Dungeon | 100.0 | 100.0 |  -nan |  -nan | 100.0 | 393.0
               +-------+-------+-------+-------+-------+----------------------

Vanquished Creatures
  Edmund (D:4)
  Duvessa (D:6)
  An ice beast (D:5)
  3 ogres
  A black bear (D:6)
  A phantom (D:4)
  A centaur (D:5)
  3 giant frogs
  2 scorpions (D:4)
  A giant frog zombie (D:5)
  A hound (D:6)
  A giant frog skeleton (D:4)
  An orc priest (D:3)
  An orc wizard (D:3)
  4 worker ants
  A hound zombie (D:5)
  7 gnolls
  A shadow imp (D:6)
  13 adders
  2 worms
  5 giant geckos
  8 orcs
  A ball python (D:4)
  11 bats
  7 giant cockroaches
  8 hobgoblins
  5 jackals
  2 giant newts
  3 goblins
  9 kobolds
  2 quokkas
  A quokka skeleton (D:3)
  13 rats
122 creatures vanquished.

Notes
Turn   | Place    | Note
--------------------------------------------------------------
     0 | D:1      | gw the Deep Dwarf Air Elementalist began the quest for the Orb.
     0 | D:1      | Reached XP level 1. HP: 15/15 MP: 3/3
   560 | D:1      | Reached XP level 2. HP: 17/22 MP: 5/5
   593 | D:1      | Learned a level 2 spell: Swiftness
   596 | D:1      | Learned a level 2 spell: Repel Missiles
  1256 | D:1      | Reached skill level 1 in Armour
  1289 | D:1      | Reached XP level 3. HP: 27/30 MP: 0/6
  1890 | D:2      | Reached XP level 4. HP: 37/37 MP: 0/6
  1955 | D:2      | Learned a level 3 spell: Static Discharge
  2006 | D:2      | Reached skill level 1 in Fighting
  2270 | D:2      | Reached skill level 1 in Axes
  2547 | D:3      | Reached XP level 5. HP: 39/45 MP: 0/7
  2827 | D:3      | Reached skill level 3 in Spellcasting
  3946 | D:4      | Noticed Edmund
  3953 | D:4      | Noticed a phantom
  3995 | D:4      | Reached XP level 6. HP: 36/54 MP: 0/8
  4020 | D:4      | Killed Edmund
  4072 | D:4      | Noticed an ogre
  4102 | D:4      | Killed an ogre
  4102 | D:4      | Reached XP level 7. HP: 48/61 MP: 0/9
  4321 | D:4      | Killed a phantom
  4402 | D:4      | Learned a level 5 spell: Lightning Bolt
  4547 | D:4      | Found a shattered altar of Ashenzari.
  4554 | D:4      | Became a worshipper of Ashenzari the Shackled
  4555 | D:4      | Fell from the grace of Ashenzari
  5315 | D:4      | Reached skill level 5 in Fighting
  5315 | D:4      | Reached skill level 7 in Axes
  5315 | D:4      | Reached skill level 5 in Spellcasting
  5315 | D:4      | Reached skill level 5 in Air Magic
  5315 | D:4      | Reached XP level 8. HP: 49/76 MP: 6/10
  5369 | D:5      | Entered Level 5 of the Dungeon
  5724 | D:5      | Found a stormy altar of Qazlal.
  5733 | D:5      | Became a worshipper of Qazlal Stormbringer
  6418 | D:5      | Reached skill level 1 in Invocations
  6694 | D:5      | Found Xizuesk's Book Boutique.
  6767 | D:5      | Found a shimmering altar of Xom.
  7184 | D:6      | Gained mutation: You passively map the area around you. [Deep Dwarf growth]
  7184 | D:6      | Reached XP level 9. HP: 73/82 MP: 7/7
  7771 | D:6      | Noticed Duvessa
  7775 | D:6      | Noticed Dowan
  7779 | D:6      | Noticed gw's ghost (novice DDNe)
  7797 | D:6      | Killed Duvessa
  7814 | D:6      | Was forgiven by Ashenzari
  7825 | D:6      | HP: 2/82 [gw's ghost (15)]
  7837 | D:6      | HP: 3/82 [gw's ghost/vampiric draining (2)]
  7853 | D:6      | HP: 4/82 [gw's ghost (19)]
  7855 | D:6      | Mangled by gw's ghost

Action                   |  1- 3 |  4- 6 |  7- 9 || total
-------------------------+-------+-------+-------++-------
Melee: Unarmed           |    59 |       |       ||    59
       Hand axe          |    55 |   113 |   260 ||   428
 Cast: Shock             |    67 |   133 |   166 ||   366
       Repel Missiles    |     2 |       |       ||     2
Invok: Renounce Religion |       |       |     1 ||     1
 Abil: Device Recharging |     1 |     2 |    11 ||    14
Evoke: Wand              |     9 |    12 |    44 ||    65
  Use: Scroll            |     3 |     4 |     2 ||     9
       Potion            |     2 |     1 |     4 ||     7
 Stab: Sleeping          |     1 |       |       ||     1
  Eat: Chunk             |     5 |     7 |     8 ||    20
       Bread ration      |       |       |     1 ||     1

Vault maps used:
D:1:      dpeg_arrival_ratfight, minivault_24, minmay_misc_feat_four_crosses
D:2:      serial_bayou_ford_a
D:4:      first_bread, cheibrodos_ashenzari_chains, uniq_edmund
D:5:      kennysheep_little_box, serial_shops, shop, grunt_qazlal_sundering
D:6:      minmay_stone_trees_small, nrook_mini_vaults, uniq_duvessa
